 Dungeon Crawl Stone Soup version 0.25.1-2-g60ff931df9 (webtiles) character file.

Game seed: 10185966114374267716

6379 Darmsturm the Basher (level 10, -2/65 HPs)
             Began as a Gargoyle Fighter on Oct 27, 2020.
             Slain by a komodo dragon (21 damage)
             ... on level 9 of the Dungeon.
             The game lasted 01:07:12 (10429 turns).

Darmsturm the Basher (Gargoyle Fighter)            Turns: 10429, Time: 01:07:13

Health: -2/65      AC: 23    Str: 21    XL:     10   Next: 97%
Magic:  3/3        EV:  9    Int: 10    God:
Gold:   233        SH: 11    Dex: 10    Spells: 9/9 levels left

rFire    + . .     SeeInvis +   Q - +6 mace of Watchfulness {antimagic, rF+}
rCold    . . .     Gourm    .   c - +0 kite shield
rNeg     + . .     Faith    .   G - quicksilver dragon scales
rPois    ∞         Spirit   .   z - +0 helmet
rElec    +         Reflect  .   y - +2 cloak {Stlth+}
rCorr    .         Harm     .   (no gloves)
MR       +....                  (no boots)
Stlth    +.........             (no amulet)
HPRegen  0.20/turn              H - ring of see invisible
MPRegen  0.08/turn              (no ring)

@: no status effects
A: negative energy resistance 1, electricity resistance, unbreathing,
petrification resistance, rot immunity, AC +7
a: no special abilities


You were on level 9 of the Dungeon.
You were not hungry.

You visited 3 branches of the dungeon, and saw 11 of its levels.

You collected 505 gold pieces.
You spent 272 gold pieces at shops.

Inventory:

Hand Weapons
 w - a +0 mace of venom
 x - a +4 quarterstaff of chaos
 N - a +5 morningstar
 Q - the +6 mace of Watchfulness (weapon) {antimagic, rF+}
   (You bought it in a shop on level 9 of the Dungeon)

   It reduces the magical energy of the wielder, and disrupts the spells and
   magical abilities of those hit.
   Natural abilities and divine invocations are not affected.
   It protects you from fire.
Missiles
 e - 6 javelins (quivered)
Armour
 a - +0 swamp dragon scales
 c - a +0 kite shield (worn)
 y - a +2 cloak of stealth (worn)
 z - a +0 helmet (worn)
 G - quicksilver dragon scales (worn)
 I - a +1 cloak
Jewellery
 H - a ring of see invisible (left hand)
Wands
 r - a wand of enslavement (6)
 A - a wand of acid (6)
 E - a wand of flame (33)
 K - a wand of disintegration (5)
 M - a wand of iceblast (14)
Scrolls
 b - a scroll of silence {unknown}
 g - a scroll of fog
 h - 3 scrolls of blinking
 i - 3 scrolls of magic mapping
 l - 6 scrolls of random uselessness
 p - 5 scrolls of teleportation
 q - a scroll of fear
 s - 3 scrolls of remove curse
 t - 5 scrolls of identify
 J - 2 scrolls of enchant armour {unknown}
 L - a scroll of noise {unknown}
 P - a scroll of immolation {unknown}
Potions
 d - 3 potions of might
 j - a potion of berserk rage {unknown}
 k - 4 potions of curing
 m - 2 potions of stabbing
 n - 3 potions of flight
 o - 2 potions of mutation {unknown}
 u - a potion of haste {unknown}
 B - 3 potions of heal wounds
 C - 3 potions of brilliance
 D - a potion of magic {unknown}
 F - a potion of lignification {unknown}
Comestibles
 f - 12 rations
 v - 2 chunks of flesh


   Skills:
 * Level 8.7 Fighting
 + Level 10.5 Maces & Flails
 + Level 1.4 Throwing
 * Level 6.5 Armour
 - Level 0.3 Dodging
 + Level 1.3 Stealth
 + Level 9.7 Shields


You had 9 spell levels left.
You didn't know any spells.
Your spell library contained the following spells:

 Spells                   Type           Power        Failure   Level  Hunger
 Summon Small Mammal      Summ           #...         75%         1    ##.....
 Call Imp                 Summ           #.......     87%         2    ###....
 Call Canine Familiar     Summ           #.......     98%         3    ####...
 Summon Guardian Golem    Hex/Summ       #.......     98%         3    ####...
 Summon Ice Beast         Ice/Summ       #.......     100%        4    #####..
 Summon Lightning Spire   Summ/Air       #.......     100%        4    #####..


Dungeon Overview and Level Annotations

Branches:
Dungeon (9/15)             Temple (1/1) D:4            Lair (1/6) D:9
    Orc: D:9-12

Altars:
Ashenzari
Cheibriados
Dithmenos
Elyvilon
Fedhas
Gozag
Hepliaklqana
Kikubaaqudgha
Makhleb
Nemelex Xobeh
Okawaru
Qazlal
Ru
Sif Muna
Trog
Uskayaw
Vehumet
Wu Jian
Xom
Yredelemnul
Zin
The Shining One

Shops:
D:7 (   D:9 (


Innate Abilities, Weirdness & Mutations

You are resistant to torment.
Your stone body is resilient. (AC +7)
You are immune to poison.
You resist negative energy. (rN+)
You are resistant to electric shocks. (rElec)
You can survive without breathing.
You are immune to petrification.
You are immune to rotting.


Message History

The komodo dragon is lightly wounded.
The komodo dragon bites you but does no damage.
You sock the komodo dragon!
The komodo dragon is moderately wounded.
You block the komodo dragon's attack.
You hit the komodo dragon.
The komodo dragon is moderately wounded.
The komodo dragon bites you!
* * * LOW HITPOINT WARNING * * *
You feel much better. The komodo dragon bites you!
* * * LOW HITPOINT WARNING * * *
There is a staircase back to the Dungeon here.
You can't go down here!
The komodo dragon barely misses you.
You climb upwards.
Welcome back to the Dungeon!
There is a staircase to the Lair here.
You sock the komodo dragon!
The komodo dragon is heavily wounded.
The komodo dragon bites you!!
You die...

.........###...# #.# #.##
.........# #...# #.# #..#
.........###...# ####.# #..#
.........#...#######....# #..#
.........#..#...≈...#...# #..#
.........#.)..#...#.....# #..#
)........#...##...##....# #..#
...........#..PPPl...#..# #..#
...........#≈.PP@PP.≈#..# #[.#
.........#.#..PPPP...#..# #..#
.........#...##..P##....# #..#
..............#...#.....# #..#
............#.[.≈...#...# #..#
.............#######....#####..#
#........###...# ####.<......#
#.######## ##### ########## '.#


You could see a komodo dragon.

Vanquished Creatures
  A necromancer (D:9)
  Maggie (D:9)
  A komodo dragon (Lair:1)
  A merfolk (D:9)
  Prince Ribbit (D:8)
  2 hippogriffs
  3 hungry ghosts
  An orc warrior (D:8)
  3 ice beasts
  A phantom (D:4)
  3 sky beasts
  5 ogres
  4 centaurs
  A crocodile (Lair:1)
  A big kobold (D:8)
  2 bullfrogs
  A gnoll sergeant (D:6)
  7 killer bees
  3 scorpions
  A water moccasin skeleton (D:4)
  9 wights
  An electric eel (Lair:1)
  A howler monkey (D:5)
  3 crimson imps
  A jelly (D:7)
  4 orc priests
  Crazy Yiuf (D:2)
  2 centaur skeletons
  5 hounds
  7 orc wizards
  4 iguanas
  3 worker ants
  2 polar bear simulacra (D:9)
  7 yak simulacra (D:9)
  A hound zombie (D:8)
  2 worker ant zombies
  13 gnolls
  8 adders
  2 shadow imps
  An adder skeleton (D:9)
  4 worms
  10 leopard geckos
  54 orcs
  4 bats
  6 giant cockroaches
  5 goblins
  3 hobgoblins
  6 jackals (D:8)
  2 quokkas
  A ball python (D:3)
  4 frilled lizards
  8 kobolds
  4 rats
  2 river rat simulacra (D:9)
233 creatures vanquished.

Notes
Turn   | Place    | Note
-------+----------+-------------------------------------------
     0 | D:1      | Darmsturm the Gargoyle Fighter began the quest for the Orb.
     0 | D:1      | Reached XP level 1. HP: 14/14 MP: 1/1
   252 | D:1      | Found a shattered altar of Ashenzari.
   276 | D:1      | Reached XP level 2. HP: 11/19 MP: 2/2
  1014 | D:2      | Reached XP level 3. HP: 23/23 MP: 3/3
  1132 | D:2      | Found a stormy altar of Qazlal.
  1133 | D:2      | Found a shimmering blue altar of Sif Muna.
  1293 | D:2      | Found a glowing golden altar of the Shining One.
  1294 | D:2      | Found an ornate altar of the Wu Jian Council.
  1300 | D:2      | Found a shattered altar of Ashenzari.
  1514 | D:2      | Reached XP level 4. HP: 22/29 MP: 4/4
  1540 | D:2      | Found a runed translucent door.
  1541 | D:2      | Noticed Crazy Yiuf
  1550 | D:2      | Killed Crazy Yiuf
  1903 | D:2      | Found a shimmering altar of Xom.
  1994 | D:2      | Found a sacrificial altar of Ru.
  2433 | D:3      | Reached XP level 5. HP: 33/33 MP: 5/5
  2552 | D:3      | Reached skill level 3 in Maces & Flails
  3369 | D:4      | Noticed a phantom
  3659 | D:4      | Killed a phantom
  3659 | D:4      | Reached skill level 4 in Maces & Flails
  3659 | D:4      | Reached XP level 6. HP: 27/39 MP: 6/6
  4197 | D:4      | Found a staircase to the Ecumenical Temple.
  4205 | D:4      | Reached XP level 7. HP: 44/44 MP: 7/7
  4212 | Temple   | Entered the Ecumenical Temple
  4438 | D:5      | Entered Level 5 of the Dungeon
  4460 | D:5      | Reached skill level 5 in Maces & Flails
  4509 | D:5      | Reached skill level 5 in Fighting
  4715 | D:5      | Reached skill level 6 in Maces & Flails
  5013 | D:5      | Reached skill level 5 in Armour
  5013 | D:5      | Reached XP level 8. HP: 49/49 MP: 8/8
  5237 | D:5      | Found a hazy altar of Hepliaklqana.
  5452 | D:6      | Reached skill level 5 in Shields
  5575 | D:6      | Reached skill level 7 in Maces & Flails
  5761 | D:6      | Found a glowing drain.
  6589 | D:7      | Found Weshroten's Antique Weapon Boutique.
  6595 | D:7      | Reached skill level 1 in Throwing
  6595 | D:7      | Reached XP level 9. HP: 55/55 MP: 9/9
  6898 | D:7      | Reached skill level 8 in Maces & Flails
  7639 | D:8      | Noticed Prince Ribbit
  7816 | D:8      | Killed Prince Ribbit
  7906 | D:7      | Reached XP level 10. HP: 57/63 MP: 10/10
  7918 | D:8      | Reached skill level 9 in Maces & Flails
  9351 | D:9      | Reached skill level 1 in Stealth
  9360 | D:9      | Found an ancient bone altar of Kikubaaqudgha.
  9470 | D:9      | Found Zuamery's Antique Weapon Shoppe.
  9488 | D:9      | Bought a shimmering mace for 272 gold pieces
  9488 | D:9      | Identified the +6 mace of Watchfulness {antimagic, rF+}
                  | (You bought it in a shop on level 9 of the Dungeon)
  9574 | D:9      | Found a blossoming altar of Fedhas.
  9623 | D:9      | Found a staircase to the Lair.
  9684 | D:9      | Reached skill level 10 in Maces & Flails
  9933 | D:9      | Noticed Maggie
  9953 | D:9      | Killed Maggie
  9994 | D:9      | Noticed a necromancer
 10003 | D:9      | Killed a necromancer
 10299 | Lair:1   | Entered Level 1 of the Lair of Beasts
 10429 | D:9      | Slain by a komodo dragon

Illustrated notes

Levels and vault maps discovered:
D:1:      psy_arrival_statuary, layout_loops_ring, evilmike_ruin_ashenzari
D:2:      layout_loops_ring, nicolae_overflow_hidden_temple, minitemple,
          uniq_crazy_yiuf_cottage
D:3:      layout_loops_ring, first_ration
D:4:      layout_cave_pools, minmay_temple_entry_proselytizer
D:5:      layout_basic, overflow_temple_1_default, serial_bayou_lake_a
D:6:      layout_rooms, portal_sewer_entry_f
D:7:      layout_basic, serial_shops, shop, minmay_misc_feat_secret_circle
D:8:      layout_cave_pools, special_room [special_room_orc],
          supply_closet_lemuel, uniq_prince_ribbit1
D:9:      layout_long_grid, nicolae_overflow_crystal_walls, old_standard_altar,
          dpeg_oklobed_lair, serial_shops, shop, hangedman_fish_farm,
          eino_house_with_fridge, uniq_maggie
Temple:   minmay_temple_bridge_abc
Lair:1:   layout_layer_cave, minmay_lair_oklob_items, grunt_megastairs_5,
          infiniplex_staircase_pool

Skill      XL: |  1  2  3  4  5  6  7  8  9 10 |
---------------+-------------------------------+-----
Armour         | 4 5 6 |  6.5
Shields        | 4 6 8 9 |  9.7
Fighting       | 4 5 6 7 8 |  8.7
Maces & Flails | 4 6 7 8 10 | 10.5
Throwing       | 1 |  1.4
Stealth        | 1 |  1.3
Dodging        | |  0.3

Action                   |  1- 3 |  4- 6 |  7- 9 | 10-12 || total
-------------------------+-------+-------+-------+-------++-------
Melee: Flail             |   132 |     3 |       |       ||   135
       Mace              |       |   206 |   340 |    96 ||   642
       Unarmed           |       |     2 |       |       ||     2
       Morningstar       |       |       |    78 |   180 ||   258
Throw: Javelin           |       |     6 |    18 |     2 ||    26
Evoke: Wand              |       |       |     2 |       ||     2
  Use: Scroll            |     2 |     3 |     8 |     1 ||    14
       Potion            |       |     1 |     1 |     1 ||     3
  Eat: Chunk             |     2 |     6 |    14 |     4 ||    26
       Ration            |       |     1 |     1 |     2 ||     4
Armor: Chain mail        |   105 |   124 |    69 |       ||   298
       Scale mail        |     1 |       |       |       ||     1
       Quicksilver drago |       |       |   147 |    33 ||   180
       Robe              |       |       |    53 |    90 ||   143
Dodge: Dodged            |    37 |    40 |   157 |   103 ||   337
Block: Kite shield       |    70 |    97 |   266 |   171 ||   604
